 Dungeon Crawl Stone Soup version 0.31-a0-152-g6aa68a64a1 (webtiles) character file.

Game seed: 13575947100366882328

64 qw the Shooter (level 3, 0/31 HPs)
             Began as a Minotaur Hunter on June 9, 2023.
             Slain by a gnoll
             ... wielding a +0 whip
              (1 damage)
             ... on level 2 of the Dungeon.
             The game lasted 00:00:36 (1366 turns).

qw the Shooter (Minotaur Hunter)                    Turns: 1366, Time: 00:00:36

Health: 0/31       AC:  5    Str: 15    XL:     3   Next: 91%
Magic:  2/2        EV: 11    Int:  6    God:
Gold:   82         SH:  0    Dex: 15    Spells: 2/2 levels left

rFire   . . .        Y - +1 shortbow
rCold   . . .        (shield currently unavailable)
rNeg    . . .        f - +0 ring mail
rPois   .            (helmet unavailable)
rElec   .            (no cloak)
rCorr   +            (no gloves)
SInv    .            (no boots)
Will    .....        (no amulet)
Stlth   +            l - ring of resist corrosion
HPRegen 0.25/turn    (no ring)
MPRegen 0.08/turn

%: no passive effects
@: about to teleport
A: horns 3, retaliatory headbutt, teleportitis 1
a: no special abilities


You were on level 2 of the Dungeon.
You visited 1 branch of the dungeon, and saw 3 of its levels.

You collected 82 gold pieces.


Innate Abilities, Weirdness & Mutations

You have a pair of large horns on your head.
You reflexively headbutt those who attack you in melee.
You are occasionally teleported next to monsters.


   Skills:
 - Level 3.0 Fighting
 + Level 5.7 Ranged Weapons
 - Level 1.0 Armour
 - Level 2.1 Dodging
 - Level 0.7 Stealth


You had 2 spell levels left.
You didn't know any spells.
Your spell library was empty.

Inventory:

Hand Weapons
 Y - a +1 shortbow (weapon)
Armour
 f - a +0 ring mail (worn)
Jewellery
 c - a ring of fire
 l - a ring of resist corrosion (left hand)
Scrolls
 a - a scroll of identify
 h - 2 scrolls of teleportation

Dungeon Overview and Level Annotations

Branches:
Dungeon (3/15)

Altars:

Shops:
D:1 [


Message History

The arrow closely misses the gnoll.
The gnoll hits you with a +0 spear. The gnoll barely misses you.
You shoot an arrow. The arrow hits the gnoll!
The gnoll is heavily wounded.
You hear an angry hiss.
The gnoll misses you. The gnoll hits you with a +0 whip.
The gnoll barely misses you.
1362 ||| STAIRDANCE The gnoll hits you with a +0 spear.
The gnoll hits you with a +0 whip! The gnoll hits you but does no damage.
You climb upwards.
There is a stone staircase leading down here.
Enter note:
Enter note:
Enter note:
Enter note:
Enter note:
Enter note:
Enter note:
Enter note:
Enter note:
Enter note:
Enter note:
Enter note:
Enter note:
Enter note:
Enter note: You shoot an arrow.
The arrow hits the gnoll but does no damage.
The gnoll is heavily wounded.
The gnoll closely misses you. You furiously retaliate!
You headbutt the gnoll!
You kill the gnoll!
The gnoll hits you with a +0 whip.
You shoot an arrow. The arrow closely misses the gnoll.
The gnoll hits you with a +0 whip!
1366 ||| READING 3 scrolls of teleportation.
As you read the scroll of teleportation, it crumbles to dust.
You feel strangely unstable. The gnoll hits you with a +0 whip.
You die...

################
#....#.........#
#.g).#.........#
#.@............####
#......####........
#....#..###########
#....+.............
#....#...##########
#....##...#######
#....##.....[...#
###'####.#<.....###
#..............'..


You could see a gnoll.

Vanquished Creatures
  A gnoll (D:2)
  A worm (D:2)
  4 ball pythons
  5 endoplasms
  4 giant cockroaches
  4 goblins
  6 hobgoblins
  3 jackals (D:2)
  3 quokkas
  4 bats
  2 frilled lizards
  3 kobolds
  5 rats
  A spectral kobold (D:2)
46 creatures vanquished.

Notes
Turn   | Place    | Note
-------+----------+-------------------------------------------
     0 | D:1      | qw the Minotaur Hunter began the quest for the Orb.
     0 | D:1      | Reached XP level 1. HP: 18/18 MP: 0/0
     0 | D:1      | 0 ||| qw: Version: 0.2-a-122-gbc61b45
     0 | D:1      | 0 ||| qw: Game counter: 3379
     0 | D:1      | 0 ||| qw: Always use a shield: true
     0 | D:1      | 0 ||| qw: God list: Okawaru
     0 | D:1      | 0 ||| qw: Allow faded altars: false
     0 | D:1      | 0 ||| qw: Do Orc after D:15 true
     0 | D:1      | 0 ||| qw: Do second Lair branch before Depths: true
     0 | D:1      | 0 ||| qw: Lair rune preference: random
     0 | D:1      | 0 ||| qw: Plans: Normal
     0 | D:1      | 0 ||| PLANNING D:1-11
    93 | D:1      | Reached XP level 2. HP: 19/25 MP: 1/1
   127 | D:1      | Found Wifenex's Armour Shoppe.
   142 | D:1      | 142 ||| SHOPLISTING +2 robe of the Archmagi (490 gold, have
                  | 10).
   142 | D:1      | 142 ||| SHOPLISTING +4 ring mail of Wufempeu {rC+ Dex+3}
                  | (575 gold, have 10).
   154 | D:1      | Reached skill level 5 in Ranged Weapons
   251 | D:1      | Reached skill level 3 in Fighting
   451 | D:1      | Reached XP level 3. HP: 30/31 MP: 2/2
   558 | D:1      | 558 ||| UPGRADING to +0 ring mail.
   568 | D:1      | 568 ||| DROPPING +0 leather armour.
   569 | D:1      | 569 ||| READING 2 scrolls labelled ZUAQIRCHORYIRR.
   570 | D:1      | 570 ||| READING scroll labelled RAAQOV WUSCHEM.
   571 | D:1      | 571 ||| READING 3 scrolls labelled KUDOUS CUCAR.
   576 | D:1      | 576 ||| DROPPING scroll of butterflies.
   747 | D:2      | Reached skill level 1 in Armour
   905 | D:2      | Found a faded altar of an unknown god.
  1316 | D:2      | 1316 ||| UPGRADING to ring of resist corrosion.
  1317 | D:2      | 1317 ||| DROPPING ring of wizardry.
  1318 | D:2      | 1318 ||| READING scroll labelled YDOMEL CATYCK.
  1319 | D:2      | 1319 ||| READING scroll labelled HIYSCHIT PEVVOXT.
  1320 | D:2      | 1320 ||| READING scroll labelled NUOVEQ KUOMUH.
  1321 | D:2      | 1321 ||| READING 2 scrolls labelled CELLUN MIAPN.
  1322 | D:2      | 1322 ||| DRINKING 2 green potions.
  1322 | D:2      | Gained mutation: You occasionally lose the ability to drink
                  | potions when taking damage. [potion of mutation]
  1323 | D:2      | 1323 ||| DRINKING potion of mutation.
  1323 | D:2      | Lost mutation: You occasionally lose the ability to drink
                  | potions when taking damage. [potion of mutation]
  1323 | D:2      | Gained mutation: You are occasionally teleported next to
                  | monsters. [potion of mutation]
  1323 | D:2      | Gained mutation: You have a pair of large horns on your
                  | head. [potion of mutation]
  1324 | D:2      | 1324 ||| READING 4 scrolls of identify.
  1324 | D:2      | 1324 ||| IDENTIFYING cyan potion
  1325 | D:2      | 1325 ||| READING 3 scrolls of identify.
  1325 | D:2      | 1325 ||| IDENTIFYING viscous cyan potion
  1326 | D:2      | 1326 ||| READING 2 scrolls of identify.
  1326 | D:2      | 1326 ||| IDENTIFYING blue potion
  1327 | D:2      | 1327 ||| DROPPING potion of berserk rage.
  1328 | D:2      | 1328 ||| DROPPING potion of attraction.
  1329 | D:2      | 1329 ||| DROPPING potion of lignification.
  1330 | D:2      | 1330 ||| DROPPING scroll of fog.
  1362 | D:3      | 1362 ||| STAIRDANCE
  1365 | D:2      | HP: 1/31 [gnoll/+0 whip (9)]
  1366 | D:2      | 1366 ||| READING 3 scrolls of teleportation.
  1366 | D:2      | Slain by a gnoll

Levels and vault maps discovered:
D:1:      dpeg_arrival_simpleton_b, layout_basic, serial_shops, shop
D:2:      layout_basic, dreamdust_ecumenical_altar_drowned_temple, moated_statue
D:3:      layout_loops_ring, minivault_25, fountainhead

Skill      XL: |  1  2  3 |
---------------+----------+-----
Ranged Weapons | 5 |  5.7
Fighting       | 3 |  3.0
Armour         | 1 |  1.0
Dodging        | |  2.1
Stealth        | |  0.7

Action                     || total
---------------------------++-------
   Fire: Shortbow          ||   110
    Use: Scroll            ||    11
         Potion            ||     2
 Armour: Leather armour    ||     2
         Ring mail         ||     4
  Dodge: Dodged            ||    22

Table legend:
 A = Non-vault XP
 B = Vault XP
 C = Vault XP percentage of total XP
 D = Non-vault monster count
 E = Vault monster count
 F = Vault count percentage of total count
                 A         B        C        D         E       F
            +---------+---------+-------+---------+---------+-------
      Total |      91 |       1 |   1.1 |      45 |       1 |   2.2
            +---------+---------+-------+---------+---------+-------
        D:1 |      44 |       0 |   0.0 |      26 |       0 |   0.0
        D:2 |      47 |       1 |   2.1 |      19 |       1 |   5.0
            +---------+---------+-------+---------+---------+-------
